Map: Rhoskallian LE

Players

Massa - Winner!

  • Race: Terran Terran
  • League: Platinum
  • Spawn Location: 6:00

qqq - Winner!

  • Race: Protoss Protoss
  • League: Platinum
  • Spawn Location: 5:00

SemVaus

  • Race: Protoss Protoss
  • League: Master
  • Spawn Location: 12:00

Jopa

  • Race: Protoss Protoss
  • League: Diamond
  • Spawn Location: 11:00

VOD

Have the link to the VOD?

Description

Time

  • Played on: Dec. 31, 2020, 8:44 a.m.
  • Length: 22:38
Show
View Real Time Build Order
Export as new Build Order

Massa Terran - Winner!

Build Orders:  

Get SALT Encoding   

  12  0:00  SCV  
  13  0:12  SCV  
  14  0:21  Supply Depot  
  14  0:24  SCV  
  15  0:42  SCV  
  16  0:43  Barracks  
  16  0:54  SCV  
  16  0:55  Refinery  
  17  0:58  Refinery  
  17  1:06  SCV  
  18  1:19  SCV  
  19  1:34  Marine  
  19  1:38  Supply Depot  
  20  1:43  Orbital Command  
  20  1:52  Marine  
  21  2:01  Factory  
  21  2:27  Command Center  
  21  2:44  Barracks  
  21  2:50  Barracks Tech Lab  
  21  2:51  Supply Depot  
  21  2:54  Factory Tech Lab  
  22  2:58  SCV  
  22  3:12  Barracks  
  22  3:15  Concussive Shells  
  22  3:21  SCV  
  22  3:24  Factory Tech Lab  
  23  3:30  Marauder  
  25  3:35  SCV  
  25  3:38  Marauder  
  28  3:50  SCV  
  28  3:51  Marauder  
  28  3:52  SCV  
  28  3:54  Factory Tech Lab  
  32  4:04  Starport  
  32  4:09  Marauder  
  34  4:12  Marauder  
  36  4:21  Stimpack  
  36  4:25  Marauder  
  36  4:27  Factory Reactor  
  38  4:35  Marauder  
  38  4:36  Marauder  
  42  4:42  Medivac  
  44  4:46  Marauder  
  44  4:47  SCV  
  44  4:50  SCV  
  48  4:57  Marauder  
  48  4:58  Marauder  
  52  5:07  SCV x2  
  54  5:14  Supply Depot  
  54  5:19  Supply Depot  
  54  5:21  Orbital Command  
  54  5:36  SCV, Marauder, Medivac  
  54  5:39  Supply Depot  
  59  5:43  Supply Depot  
  59  5:47  Medivac  
  59  5:48  SCV  
  62  5:51  Refinery  
  62  6:08  Medivac  
  62  6:09  Refinery  
  66  6:11  Marauder  
  66  6:21  Engineering Bay  
  66  6:22  Supply Depot  
  66  6:24  Marauder, Supply Depot  
  68  6:35  SCV x2  
  70  6:41  Combat Shield  
  70  6:44  Cyclone  
  73  6:47  SCV x2  
  69  7:16  Widow Mine  
  53  7:25  SCV x2  
  53  7:29  Viking x2  
  59  7:36  Command Center, Terran Infantry Weapons Level 1  
  59  7:37  SCV x2  
  59  7:38  Armory, Missile Turret  
  59  7:43  Missile Turret  
  61  7:45  Marine  
  61  7:50  Marine  
  61  7:51  Marine  
  64  8:03  Marine  
  65  8:08  Marine x2  
  67  8:21  Marine  
  67  8:26  Marine x2  
  70  8:29  Thor  
  70  8:30  SCV x2  
  78  8:39  Marine  
  77  8:44  Marine  
  75  8:55  Supply Depot  
  74  9:20  Missile Turret  
  74  9:21  Missile Turret x2  
  74  9:24  SCV x2  
  74  9:25  Missile Turret  
  74  9:27  Medivac x2  
  74  9:28  Marine  
  74  9:29  Marine x2  
  74  9:31  Terran Infantry Armor Level 1  
  83  9:36  SCV x2  
  85  9:46  Marine  
  85  9:47  Marine x2  
  85  9:48  SCV x2  
  85  9:52  Terran Vehicle Weapons Level 1  
  90  9:53  Starport, Missile Turret  
  90  10:00  SCV  
  90  10:04  Marine  
  92  10:09  Thor  
  92  10:11  Marauder x2  
  102  10:22  Marauder  
  94  10:32  Marine  
  94  10:33  Starport Tech Lab, Marauder  
  94  10:34  Medivac  
  99  10:44  Marauder  
  101  10:50  Marine  
  101  10:54  Marine, Missile Turret  
  89  11:06  Planetary Fortress  
  89  11:19  Missile Turret  
  83  11:49  SCV  
  83  11:50  Refinery, SCV, Sensor Tower  
  83  11:52  SCV  
  81  12:02  SCV x2  
  81  12:03  Raven  
  81  12:04  SCV, Medivac x2  
  90  12:14  SCV x2  
  92  12:16  SCV  
  93  12:26  SCV x2  
  93  12:28  SCV  
  96  12:38  SCV x2  
  98  12:49  Marauder x2  
  98  12:50  SCV, Marauder  
  94  13:11  Marauder x3  
  95  13:20  Raven  
  95  13:21  Medivac x2  
  99  13:32  Marauder x3  
  80  13:53  Marauder, Marine  
  79  13:57  Refinery  
  79  14:08  Terran Infantry Weapons Level 2  
  79  14:10  Engineering Bay  
  71  14:57  Thor  
  81  15:00  Marauder x3  
  81  15:04  SCV x2  
  81  15:05  SCV  
  86  15:13  Terran Infantry Armor Level 2  
  86  15:15  Terran Vehicle Weapons Level 2  
  86  15:16  SCV, Raven  
  86  15:17  SCV x2  
  93  15:21  Marauder  
  93  15:31  Viking x2  
  97  15:40  Thor  
  103  15:45  SCV  
  103  15:46  SCV x2  
  106  15:52  Command Center  
  106  15:58  SCV x3  
  109  16:10  SCV x3  
  112  16:14  Marauder x2  
  116  16:22  SCV  
  116  16:23  Supply Depot x2  
  116  16:24  Supply Depot  
  116  16:25  Barracks  
  117  16:26  Supply Depot  
  117  16:30  Barracks  
  117  16:44  Marine  
  117  16:45  SCV x3, Marauder, Marine  
  117  16:47  Supply Depot  
  124  16:51  Supply Depot  
  124  16:52  Drilling Claws  
  124  16:55  Siege Tank  
  124  16:56  Medivac x2  
  124  16:57  SCV x3  
  124  16:59  Corvid Reactor  
  134  17:01  Raven  
  134  17:04  Terran Infantry Weapons Level 3  
  136  17:10  Planetary Fortress  
  136  17:19  SCV  
  136  17:20  SCV x2  
  139  17:27  Siege Tank  
  142  17:32  SCV x2, Factory  
  109  18:11  Smart Servos  
  102  18:13  Marauder  
  102  18:14  Barracks Reactor x2, Marauder x2  
  105  18:24  Factory Reactor  
  105  18:34  Marauder  
  105  18:35  Marauder x2  
  111  18:41  Thor  
  117  18:52  SCV x2  
  117  18:53  SCV x2  
  121  18:56  Refinery, Marauder x3  
  121  18:58  Refinery, Terran Infantry Armor Level 3  
  121  19:00  Terran Vehicle Weapons Level 3  
  121  19:01  Raven  
  129  19:17  Marauder  
  129  19:18  Marauder  
  131  19:24  Thor  
  105  19:59  Medivac x2  
  107  20:00  Viking  
  107  20:03  Marauder, Marine  
  107  20:04  Marauder x2, Marine x3  
  111  20:21  Widow Mine, Marine  
  111  20:22  Widow Mine, Marine x3  
  111  20:25  Marauder x3  
  123  20:29  Viking  
  123  20:30  Raven  
  127  20:39  Marine x4  
  127  20:42  Thor  
  133  20:43  Widow Mine x2  
  133  20:46  Marauder x3  
  147  20:57  Marine x4  
  147  21:00  Command Center  
  153  21:04  Widow Mine x2  
  153  21:07  Marauder  
  153  21:08  Marauder x2  
  161  21:13  Raven  
  163  21:25  Thor  
  157  21:29  Marauder  
  157  21:30  Marauder x2, Marine  
  157  21:31  Marine x2  
  172  21:50  Marauder  
  172  21:52  Marauder x2  
Show
View Real Time Build Order
Export as new Build Order

qqq Protoss - Winner!

Build Orders: Cannon Rush, Carriers 

Get SALT Encoding   

  12  0:01  Probe  
  13  0:17  Pylon  
  13  0:19  Probe  
  14  0:36  Forge  
  14  0:39  Probe  
  15  0:51  Probe  
  16  1:07  Pylon  
  16  1:16  Pylon  
  16  1:27  Pylon  
  15  1:35  Photon Cannon  
  15  1:36  Photon Cannon  
  15  1:41  Pylon  
  15  1:55  Photon Cannon  
  14  2:11  Probe  
  15  2:23  Probe  
  16  2:35  Probe  
  17  2:43  Gateway  
  17  2:47  Probe  
  18  2:53  Nexus  
  18  3:00  Probe  
  18  3:01  Assimilator  
  19  3:08  Assimilator  
  19  3:12  Probe (Chrono Boost)  
  20  3:24  Probe (Chrono Boost)  
  21  3:28  Pylon  
  21  3:32  Probe (Chrono Boost)  
  22  3:38  Probe  
  23  3:47  Cybernetics Core  
  23  3:51  Probe (Chrono Boost)  
  24  3:59  Probe (Chrono Boost)  
  25  4:05  Probe  
  26  4:13  Probe  
  27  4:17  Probe  
  28  4:24  Stargate  
  28  4:25  Probe (Chrono Boost)  
  28  4:28  Robotics Facility  
  28  4:30  Probe (Chrono Boost)  
  30  4:37  Probe (Chrono Boost)  
  31  4:40  Probe (Chrono Boost)  
  31  4:43  Probe (Chrono Boost)  
  31  4:44  Probe (Chrono Boost)  
  34  4:55  Stalker  
  34  4:59  Probe x2  
  38  5:03  Assimilator  
  38  5:07  Assimilator  
  38  5:11  Probe  
  38  5:12  Probe  
  40  5:15  Fleet Beacon  
  40  5:18  Observer  
  41  5:23  Probe  
  41  5:24  Probe  
  43  5:35  Probe  
  44  5:36  Probe  
  44  5:41  Pylon  
  45  5:44  Pylon  
  45  5:51  Pylon  
  45  5:57  Protoss Air Weapons Level 1 (Chrono Boost)  
  45  5:59  Phoenix  
  47  6:08  Stargate  
  47  6:10  Probe (Chrono Boost)  
  49  6:13  Probe (Chrono Boost)  
  49  6:16  Observer  
  49  6:22  Probe (Chrono Boost)  
  49  6:24  Phoenix (Chrono Boost)  
  52  6:28  Probe (Chrono Boost)  
  53  6:43  Carrier (Chrono Boost)  
  59  6:54  Nexus  
  59  6:57  Pylon  
  59  7:00  Observer, Pylon  
  60  7:02  Carrier  
  66  7:21  Photon Cannon  
  66  7:37  Mothership (Chrono Boost)  
  74  7:42  Photon Cannon  
  74  7:45  Photon Cannon  
  74  7:49  Assimilator  
  74  7:54  Assimilator  
  74  8:11  Nexus  
  74  8:13  Pylon  
  74  8:17  Pylon  
  74  8:27  Carrier  
  78  8:41  Nexus  
  77  8:42  Probe  
  77  9:11  Probe (Chrono Boost)  
  78  9:22  Probe (Chrono Boost)  
  80  9:24  Probe (Chrono Boost)  
  80  9:27  Probe (Chrono Boost)  
  81  9:31  Protoss Air Weapons Level 2 (Chrono Boost)  
  81  9:37  Probe  
  82  9:49  Probe  
  83  9:53  Carrier  
  89  10:01  Probe  
  90  10:14  Probe  
  90  10:26  Probe  
  89  10:34  Carrier  
  94  10:39  Probe  
  94  10:40  Photon Cannon  
  95  10:43  Photon Cannon  
  95  10:51  Probe  
  96  10:57  Carrier  
  96  11:03  Probe  
  103  11:12  Nexus  
  103  11:15  Probe  
  95  11:27  Probe  
  91  11:38  Carrier  
  91  11:39  Probe  
  92  11:51  Probe  
  93  11:58  Protoss Air Armor Level 1  
  93  12:01  Tempest  
  98  12:03  Probe  
  98  12:07  Probe  
  100  12:11  Pylon  
  100  12:16  Probe  
  100  12:19  Probe  
  102  12:26  Nexus  
  102  12:28  Probe, Pylon  
  103  12:31  Probe, Pylon  
  103  12:32  Photon Cannon  
  104  12:40  Probe  
  104  12:43  Probe  
  106  12:55  Probe  
  87  13:27  Tempest, Carrier  
  96  13:53  Probe x2  
  92  14:05  Probe x2  
  83  14:11  Carrier  
  89  14:17  Probe x2  
  91  14:28  Carrier  
  91  14:52  Probe x3  
  88  14:55  Assimilator  
  88  14:57  Stargate  
  88  15:00  Photon Cannon, Stargate  
  88  15:04  Probe x2, Tempest  
  88  15:05  Pylon, Shield Battery  
  91  15:16  Probe x2  
  91  15:19  Mothership (Chrono Boost)  
  91  15:20  Protoss Air Armor Level 2 (Chrono Boost)  
  97  15:23  Observer  
  97  15:26  Phoenix  
  106  15:28  Probe  
  106  15:30  Assimilator  
  106  15:33  Probe  
  110  15:39  Photon Cannon  
  110  15:40  Probe  
  111  15:44  Photon Cannon  
  111  15:45  Observer, Probe  
  111  15:47  Phoenix  
  111  15:48  Assimilator  
  115  15:52  Phoenix, Assimilator  
  115  15:53  Probe  
  115  15:56  Phoenix  
  120  15:57  Probe  
  121  16:04  Phoenix, Stargate  
  121  16:05  Probe  
  121  16:09  Probe  
  125  16:17  Probe (Chrono Boost)  
  126  16:20  Phoenix x2  
  126  16:21  Phoenix  
  126  16:23  Pylon  
  133  16:29  Probe (Chrono Boost)  
  133  16:30  Observer  
  133  16:32  Anion Pulse-Crystals (Chrono Boost)  
  135  16:35  Probe (Chrono Boost)  
  136  16:40  Probe (Chrono Boost)  
  136  16:42  Probe (Chrono Boost)  
  136  16:45  Phoenix x2  
  141  16:51  Observer  
  142  16:55  Phoenix x3  
  142  17:00  Probe  
  149  17:02  Probe  
  150  17:10  Phoenix  
  150  17:12  Probe  
  150  17:14  Probe  
  154  17:19  Nexus  
  154  17:22  Photon Cannon  
  154  17:26  Probe  
  154  17:27  Pylon  
  154  17:29  Phoenix  
  157  17:34  Tempest  
  162  17:38  Probe  
  163  17:48  Protoss Air Weapons Level 3 (Chrono Boost)  
  125  18:08  Carrier  
  125  18:09  Carrier  
  130  18:21  Carrier  
  130  18:22  Tempest  
  130  18:23  Phoenix  
  143  18:42  Void Ray  
  147  19:02  Mothership  
  155  19:05  Tempest  
  155  19:09  Probe, Unknown  
  161  19:11  Photon Cannon  
  161  19:12  Tempest, Phoenix, Assimilator  
  168  19:17  Assimilator  
  168  19:21  Probe  
  169  19:25  Carrier  
  169  19:33  Probe  
  168  19:43  Void Ray  
  168  19:45  Probe  
  155  19:48  Carrier  
  155  19:49  Tempest  
  155  19:55  Phoenix  
  155  19:57  Probe  
  156  20:25  Carrier  
  156  20:26  Carrier  
  166  20:29  Phoenix  
  166  20:32  Phoenix  
  170  20:52  Phoenix  
  170  20:54  Carrier  
  172  21:13  Carrier  
  172  21:17  Carrier  
  178  21:29  Carrier  
  178  21:30  Carrier  
Show
View Real Time Build Order
Export as new Build Order

SemVaus Protoss 

Build Orders:  

Get SALT Encoding   

  12  0:03  Probe  
  13  0:15  Probe  
  13  0:18  Pylon  
  14  0:27  Probe  
  15  0:37  Gateway  
  15  0:40  Probe (Chrono Boost)  
  17  0:51  Probe (Chrono Boost), Assimilator  
  17  0:56  Probe (Chrono Boost)  
  17  0:59  Assimilator  
  18  1:07  Probe  
  19  1:24  Forge  
  20  1:26  Zealot (Chrono Boost)  
  21  1:34  Probe  
  22  1:56  Pylon  
  22  2:05  Photon Cannon  
  22  2:11  Zealot  
  16  2:26  Cybernetics Core  
  16  2:37  Probe (Chrono Boost)  
  17  2:49  Probe (Chrono Boost)  
  18  2:57  Probe (Chrono Boost)  
  19  3:04  Probe  
  20  3:24  Pylon  
  21  3:27  Warp Gate  
  20  3:42  Nexus  
  20  3:49  Pylon  
  20  3:54  Probe (Chrono Boost)  
  21  4:06  Probe (Chrono Boost)  
  22  4:11  Probe (Chrono Boost)  
  22  4:13  Twilight Council  
  23  4:20  Probe  
  24  4:32  Probe  
  25  4:44  Probe  
  26  4:54  Photon Cannon, Dark Shrine  
  26  4:55  Shield Battery  
  27  5:01  Probe (Chrono Boost)  
  27  5:02  Probe (Chrono Boost)  
  28  5:12  Probe (Chrono Boost)  
  30  5:14  Probe (Chrono Boost)  
  30  5:17  Probe (Chrono Boost)  
  31  5:26  Gateway  
  31  5:27  Probe (Chrono Boost)  
  32  5:28  Probe (Chrono Boost)  
  33  5:38  Probe (Chrono Boost)  
  33  5:40  Probe (Chrono Boost)  
  33  5:42  Assimilator  
  35  5:43  Probe (Chrono Boost)  
  35  5:48  Probe  
  37  5:55  Probe (Chrono Boost)  
  37  5:57  Gateway  
  37  6:00  Gateway  
  38  6:04  Probe (Chrono Boost)  
  38  6:07  Probe (Chrono Boost)  
  39  6:14  Probe (Chrono Boost), Protoss Ground Weapons Level 1 (Chrono Boost), Dark Templar  
  39  6:15  Probe (Chrono Boost)  
  43  6:21  Probe  
  43  6:24  Probe  
  45  6:28  Charge (Chrono Boost)  
  45  6:33  Probe  
  45  6:34  Assimilator  
  45  6:36  Probe  
  45  6:37  Pylon  
  47  6:40  Dark Templar  
  49  6:47  Probe  
  49  6:49  Dark Templar  
  49  6:54  Probe  
  53  6:55  Photon Cannon  
  53  6:59  Probe  
  51  7:04  Dark Templar  
  52  7:10  Shadow Stride  
  52  7:11  Probe  
  50  7:16  Probe  
  51  7:26  Dark Templar  
  51  7:27  Pylon  
  51  7:28  Probe x2  
  55  7:33  Assimilator  
  55  7:40  Probe  
  56  7:48  Gateway  
  56  7:50  Probe, Gateway  
  57  8:11  Probe  
  58  8:14  Protoss Ground Weapons Level 2 (Chrono Boost), Nexus  
  58  8:21  Probe  
  58  8:23  Probe  
  58  8:26  Gateway  
  60  8:28  Pylon  
  60  8:29  Gateway  
  60  8:34  Probe  
  60  8:40  Pylon  
  61  8:51  Zealot x4  
  61  8:54  Forge  
  69  8:57  Pylon  
  69  8:58  Pylon  
  68  9:10  Probe  
  66  9:18  Probe  
  66  9:19  Dark Templar  
  66  9:20  Dark Templar  
  66  9:21  Dark Templar x3  
  77  9:24  Archon  
  77  9:25  Archon  
  77  9:28  Probe  
  77  9:29  Probe  
  77  9:30  Probe  
  80  9:31  Shield Battery  
  80  9:33  Photon Cannon  
  80  9:36  Protoss Ground Armor Level 1 (Chrono Boost)  
  80  9:40  Probe  
  80  9:41  Probe  
  80  9:42  Probe  
  83  9:52  Probe  
  83  9:55  Probe  
  83  9:56  Probe  
  83  9:59  Dark Templar x2, Assimilator  
  90  10:03  Assimilator  
  90  10:07  Probe  
  90  10:08  Probe  
  90  10:09  Probe, Pylon  
  93  10:15  Dark Templar  
  93  10:16  Dark Templar x2  
  93  10:17  Dark Templar  
  93  10:19  Probe  
  100  10:27  Probe  
  72  10:50  Probe  
  71  10:59  Probe  
  71  11:00  Dark Templar x6  
  71  11:02  Probe  
  85  11:11  Probe  
  86  11:13  Probe  
  86  11:27  Probe  
  86  11:29  Pylon  
  86  11:30  Probe  
  86  11:31  Pylon  
  81  11:36  Archon x2  
  81  11:37  Archon  
  81  11:39  Probe  
  78  11:42  Probe  
  72  11:51  Probe  
  71  11:54  Probe  
  71  11:55  Robotics Facility  
  68  12:03  Probe, Protoss Ground Weapons Level 3 (Chrono Boost)  
  68  12:06  Probe  
  68  12:11  Pylon  
  68  12:13  Protoss Ground Armor Level 2 (Chrono Boost)  
  68  12:15  Probe  
  69  12:18  Probe  
  70  12:27  Probe, Nexus  
  70  12:29  Dark Templar x2  
  75  12:30  Probe  
  76  12:39  Probe  
  76  12:41  Dark Templar  
  76  12:42  Zealot  
  76  12:53  Pylon  
  76  12:57  Zealot  
  76  12:58  Zealot x2  
  73  13:11  Probe  
  64  13:13  Probe  
  64  13:17  Zealot, Dark Templar  
  60  13:24  Probe  
  58  16:39  Zealot x2  
  62  16:40  Zealot x5  
  72  17:20  Zealot x5  
  72  17:21  Zealot x2  
  58  19:14  Sentry x3  
  58  19:15  Sentry x4  
Show
View Real Time Build Order
Export as new Build Order

Jopa Protoss 

Build Orders: Carriers 

Get SALT Encoding   

  12  0:00  Probe  
  13  0:12  Probe  
  14  0:24  Probe, Pylon  
  15  0:31  Assimilator  
  15  0:43  Gateway  
  15  0:47  Probe (Chrono Boost)  
  17  0:57  Probe (Chrono Boost)  
  17  1:08  Probe  
  18  1:19  Forge  
  18  1:27  Probe (Chrono Boost)  
  18  1:30  Zealot  
  21  1:37  Probe (Chrono Boost)  
  21  1:39  Assimilator  
  22  1:41  Pylon  
  22  1:42  Probe (Chrono Boost)  
  23  2:12  Cybernetics Core  
  23  2:14  Probe  
  24  2:20  Photon Cannon  
  24  2:26  Probe  
  25  2:47  Nexus  
  25  3:00  Stargate  
  25  3:05  Warp Gate (Chrono Boost)  
  25  3:08  Stargate  
  25  3:25  Pylon  
  25  3:41  Void Ray  
  25  3:43  Zealot  
  25  3:46  Twilight Council  
  31  3:50  Probe  
  32  4:03  Photon Cannon  
  32  4:07  Probe x2  
  34  4:13  Void Ray  
  34  4:22  Charge (Chrono Boost)  
  38  4:28  Probe  
  39  4:31  Probe  
  40  4:41  Probe  
  40  4:43  Probe  
  40  4:44  Shield Battery  
  42  4:48  Shield Battery  
  42  4:52  Void Ray  
  46  5:00  Probe  
  46  5:03  Probe  
  48  5:11  Void Ray, Pylon  
  52  5:21  Probe x2  
  54  5:29  Void Ray  
  54  5:33  Probe  
  54  5:34  Probe  
  60  5:39  Assimilator  
  60  5:42  Assimilator  
  60  5:49  Zealot  
  62  5:58  Pylon  
  62  6:01  Pylon  
  62  6:04  Pylon  
  62  6:10  Void Ray  
  62  6:16  Probe (Chrono Boost)  
  62  6:17  Probe (Chrono Boost), Void Ray  
  72  6:27  Probe (Chrono Boost)  
  72  6:28  Probe (Chrono Boost)  
  72  6:32  Probe x2 (Chrono Boost), Protoss Shields Level 1 (Chrono Boost)  
  76  6:42  Probe x2  
  76  6:44  Pylon  
  78  6:54  Probe x2  
  80  7:09  Probe x2  
  80  7:11  Nexus  
  82  7:15  Pylon  
  82  7:19  Pylon  
  82  7:20  Void Ray x2  
  82  7:21  Pylon  
  90  7:38  Zealot  
  90  7:42  Photon Cannon  
  92  7:47  Gateway  
  92  7:50  Gateway  
  92  7:51  Gateway  
  92  7:57  Void Ray  
  84  8:22  Void Ray  
  80  8:29  Zealot  
  86  8:35  Stargate x2  
  86  8:41  Pylon  
  82  8:45  Probe (Chrono Boost), Pylon  
  82  8:46  Probe (Chrono Boost), Gateway  
  82  8:48  Probe (Chrono Boost)  
  86  8:56  Probe (Chrono Boost)  
  86  8:57  Probe (Chrono Boost)  
  86  8:58  Probe (Chrono Boost), Protoss Air Weapons Level 1  
  86  8:59  Assimilator  
  86  9:01  Void Ray  
  86  9:02  Void Ray  
  80  9:03  Probe (Chrono Boost)  
  80  9:04  Probe (Chrono Boost), Assimilator  
  80  9:05  Probe (Chrono Boost)  
  91  9:12  Sentry x4  
  91  9:14  Probe x2  
  91  9:15  Probe  
  102  9:17  Protoss Ground Weapons Level 1 (Chrono Boost)  
  102  9:36  Photon Cannon  
  102  9:41  Photon Cannon  
  102  9:42  Shield Battery  
  102  9:43  Void Ray  
  102  9:44  Void Ray, Shield Battery  
  102  9:45  Probe  
  103  9:46  Shield Battery  
  103  9:52  Photon Cannon  
  111  10:14  Fleet Beacon  
  111  10:15  Nexus  
  111  10:16  Pylon  
  111  10:18  Void Ray  
  111  10:20  Void Ray, Pylon  
  111  10:23  Void Ray  
  123  10:40  Void Ray  
  123  10:47  Stalker x2  
  123  10:48  Stalker  
  123  10:49  Stalker  
  135  10:55  Photon Cannon  
  135  10:59  Photon Cannon  
  135  11:02  Pylon  
  135  11:11  Protoss Air Weapons Level 2 (Chrono Boost)  
  135  11:17  Shield Battery  
  135  11:20  Shield Battery  
  135  11:24  Shield Battery  
  135  11:27  Tempest  
  135  11:30  Pylon  
  140  11:33  Photon Cannon  
  140  11:37  Photon Cannon  
  136  11:54  Stalker x5  
  146  12:04  Probe  
  146  12:05  Probe x2  
  149  12:09  Probe  
  149  12:13  Tempest  
  155  12:16  Probe  
  155  12:17  Probe x2  
  155  12:21  Probe  
  159  12:25  Tempest  
  159  12:26  Tempest  
  159  12:27  Tempest  
  159  12:28  Probe  
  159  12:29  Probe x2  
  177  12:30  Flux Vanes  
  177  12:32  Protoss Ground Weapons Level 2 (Chrono Boost)  
  177  12:33  Probe  
  178  12:41  Probe x3, Blink (Chrono Boost)  
  181  12:45  Probe  
  181  12:50  Stalker x4  
  170  13:09  Zealot  
  102  13:33  Zealot x2  
  102  13:34  Zealot  
  108  13:43  Zealot x2  
  108  13:44  Tempest x4 (Chrono Boost)  
  114  14:09  Zealot  
  110  14:10  Zealot x4  
  110  14:15  Probe x4  
  117  14:20  Tempest x4 (Chrono Boost)  
  127  14:27  Probe x4  
  122  14:39  Probe x3  
  122  14:40  Probe  
  117  14:51  Probe x2  
  117  14:52  Probe x2  
  113  14:53  Assimilator  
  113  14:55  Tempest x3 (Chrono Boost), Pylon  
  113  14:57  Assimilator  
  113  14:59  Pylon  
  129  15:00  Tempest (Chrono Boost)  
  129  15:03  Probe x2  
  129  15:04  Probe x2, Zealot x3  
  139  15:15  Probe  
  139  15:16  Probe x2  
  139  15:20  Photon Cannon  
  142  15:24  Photon Cannon  
  142  15:25  Tempest (Chrono Boost)  
  142  15:26  Tempest (Chrono Boost), Shield Battery  
  142  15:28  Shield Battery, Pylon  
  152  15:29  Pylon x2  
  152  15:32  Photon Cannon  
  152  15:34  Photon Cannon  
  152  15:37  Photon Cannon  
  152  15:38  Pylon  
  152  15:41  Pylon  
  152  15:43  Carrier (Chrono Boost)  
  152  15:45  Tempest (Chrono Boost), Pylon  
  152  15:46  Pylon  
  163  15:51  Pylon  
  163  15:58  Zealot  
  163  15:59  Zealot x4  
  173  16:06  Carrier x2 (Chrono Boost)  
  180  16:18  Carrier (Chrono Boost)  
  186  16:27  Gateway  
  186  16:37  Carrier (Chrono Boost)  
  186  16:38  Gateway  
  186  16:41  Gateway  
  186  16:42  Nexus  
  186  16:43  Gateway x2  
  186  16:45  Pylon  
  186  16:46  Gateway  
  192  16:48  Pylon  
  192  16:55  Sentry  
  192  16:56  Sentry x3  
  200  17:02  Pylon  
  200  17:04  Assimilator  
  200  17:09  Assimilator  
  200  17:33  Photon Cannon  
  200  17:37  Photon Cannon  
  200  17:40  Photon Cannon  
  200  17:42  Photon Cannon  
  200  17:44  Photon Cannon  
  200  17:46  Photon Cannon  
  200  17:49  Photon Cannon  
  200  17:51  Pylon  
  185  17:54  Pylon  
  185  17:55  Phoenix x4  
  185  17:57  Shield Battery  
  177  18:01  Shield Battery  
  150  18:05  Shield Battery  
  150  18:08  Zealot x3  
  150  18:09  Zealot x3  
  150  18:10  Zealot, Sentry x2  
  150  18:11  Sentry x2  
  131  18:20  Phoenix x4  
  129  18:36  Templar Archives  
  127  18:45  Phoenix x3  
  127  18:47  Stalker x4  
  127  18:48  Stalker x7  
  149  18:51  Protoss Ground Weapons Level 3 (Chrono Boost)  
  155  19:05  Protoss Air Weapons Level 3  
  155  19:20  High Templar x5  
  155  19:21  High Templar x3  
  155  19:22  High Templar x2  
  153  19:42  Zealot  
  153  19:43  Archon  
  153  19:45  Archon x3  
  141  19:49  Carrier x2  
  129  19:53  Zealot x3  
  129  19:54  Zealot x4  
  125  20:07  Carrier  
  125  20:09  Zealot x4  
  129  20:18  Zealot x6  
  129  20:19  Zealot  
  145  20:21  Carrier  
  124  20:34  Stalker x2  
  124  20:35  Stalker x2  
  128  20:52  Stalker x5  
  128  20:53  Stalker x2  
  142  20:58  Carrier  
  142  21:14  Zealot x4  
  142  21:15  Zealot  
  116  21:29  Nexus  
  107  21:39  Sentry x4  
  115  21:42  High Templar  
  116  21:56  High Templar  
  116  22:03  Zealot  
  116  22:04  Zealot x3  
  53  22:23  Sentry  
Tags
 
Add a new tag
Caveats
  • Supply blocks, unpowered buildings, or Contaminate may cause inaccurate times.
  • Supply counts are checked every 10 seconds.